 Dungeon Crawl Stone Soup version 0.18.1-48-g4cf74bf (webtiles) character file.

44906 neverEnough the Thaumaturge (level 13, -3/67 HPs)
             Began as a Spriggan Warper on Aug 6, 2016.
             Was a High Priest of Ashenzari.
             Slain by a giant leech (14 damage)
             ... on level 6 of the Lair of Beasts.
             The game lasted 01:54:02 (21413 turns).

neverEnough the Thaumaturge (Spriggan Warper)      Turns: 21413, Time: 01:54:03

Health: -3/67      AC: 12    Str:  7    XL:     13   Next: 98%
Magic:  32/32      EV: 30    Int: 20    God:    Ashenzari [*****.]
Gold:   597        SH:  0    Dex: 17    Spells: 7 memorised, 18 levels left

rFire  + . .     SeeInvis +     c - +2 scimitar (flame)
rCold  . . .     Gourm    .     X - +2 robe {rF+}
rNeg   . . .     Faith    .     (shield currently unavailable)
rPois  .         Spirit   .     w - +2 hat (curse)
rElec  .         Dismiss  .     n - +1 cloak
rCorr  .         Reflect  .     (gloves unavailable)
SustAt .         Harm     .     (boots unavailable)
MR     ++...     Clarity  +     o - amulet of regeneration (curse)
Stlth  ++++++....               T - +4 ring of protection
                                p - +2 ring of evasion (curse)

@: shrouded, very quick, very resistant to hostile enchantments, very stealthy
A: unfitting armour, see invisible, agile 1, herbivore 3, speed 3, slow
metabolism 2
a: Curse Item, Scrying, Transfer Knowledge, Renounce Religion


You were on level 6 of the Lair of Beasts.
You worshipped Ashenzari.
Ashenzari was extremely pleased with you.
You were not hungry.

You visited 2 branches of the dungeon, and saw 18 of its levels.
You also visited: Volcano.

You collected 1206 gold pieces.
You spent 609 gold pieces at shops.

Inventory:

Hand Weapons
 a - a +2 dagger of venom
 b - the +9 war axe "Deiwoguo" {chop, rF+ rC+}
   (You found it on level 4 of the Lair of Beasts)

   It inflicts extra damage upon your enemies.
   It protects you from fire.
   It protects you from cold.
 c - a +2 scimitar of flaming (weapon)
 d - a +1 whip of venom
 e - a +0 shortbow
 f - a +5 quarterstaff of chaos
Missiles
 v - 199 arrows
 x - a throwing net (quivered)
Armour
 n - a +1 cloak (worn)
 w - a cursed +2 hat (worn)
 X - a +2 robe of fire resistance (worn)
Jewellery
 g - an uncursed ring of protection from magic
 o - a cursed amulet of regeneration (around neck)
 p - a cursed +2 ring of evasion (left hand)
 J - an uncursed ring of protection from fire
 R - an uncursed ring of poison resistance
 T - a +4 ring of protection (right hand)
 Y - an uncursed ring of flight
Wands
 m - a wand of lightning (6/15)
 r - a wand of slowing (11/48)
 z - a wand of paralysis (7/24)
 K - a wand of heal wounds (1/9)
 Q - a wand of iceblast (2/15)
Scrolls
 j - 2 scrolls of recharging
 l - 3 scrolls of enchant armour
 A - a scroll of vulnerability
 D - a scroll of brand weapon
 E - a scroll of fog
 H - 5 scrolls of teleportation
 L - 2 scrolls of immolation
 P - a scroll of torment {unknown}
 V - 4 scrolls of blinking
 Z - 3 scrolls of enchant weapon
Potions
 h - a potion of berserk rage
 k - 3 potions of heal wounds
 q - a potion of agility {unknown}
 s - 3 potions of magic
 u - 3 potions of brilliance
 y - a potion of curing
 B - 2 potions of invisibility
 G - a potion of haste {unknown}
 M - 6 potions of flight
 N - 2 potions of resistance
 O - a potion of mutation {unknown}
 U - a potion of cure mutation
 W - a potion of ambrosia
Books
 i - a book of Fire

   Spells                             Type                      Level
   a - Ignite Poison                  Fire/Transmutation/Poison    3
   b - Fireball                       Conjuration/Fire             5
   c - Bolt of Fire                   Conjuration/Fire             6
   d - Delayed Fireball               Conjuration/Fire             7
   e - Ring of Flames                 Charms/Fire                  7
 t - a book of Spatial Translocations

   Spells                             Type                      Level
   a - Apportation                    Translocation                1
   b - Blink                          Translocation                2
   c - Shroud of Golubria             Charms/Translocation         2
   d - Portal Projectile              Translocation                3
   e - Teleport Other                 Translocation                3
   f - Passage of Golubria            Translocation                4
 I - the Grimoire of Flying Earth
   (You bought it in a shop on level 11 of the Dungeon)

   Spells                             Type                      Level
   a - Sandblast                      Earth                        1
   b - Mephitic Cloud                 Conjuration/Poison/Air       3
   c - Petrify                        Transmutation/Earth          4
   d - Deflect Missiles               Charms/Air                   6
   e - Iron Shot                      Conjuration/Earth            6
Miscellaneous
 F - a phial of floods
Comestibles
 C - 6 fruits
 S - 6 bread rations


   Skills:
 + Level 7.3 Fighting
 - Level 2.1 Short Blades
 - Level 1.0 Throwing
 + Level 5.1 Armour
 - Level 12.6 Dodging
 - Level 12.9 Stealth
 * Level 14.5 Spellcasting
 - Level 10.9(13.3) Charms
 - Level 6.8(9.5) Translocations
 + Level 5.1(7.7) Earth Magic
 + Level 3.9(6.4) Poison Magic
 + Level 10.6(13.1) Evocations


You had 18 spell levels left.
You knew the following spells:

 Your Spells              Type           Power        Failure   Level  Hunger
a - Apportation           Tloc           ######....   1%          1    None
b - Blink                 Tloc           N/A          1%          2    None
c - Shroud of Golubria    Chrm/Tloc      ######....   1%          2    None
d - Deflect Missiles      Chrm/Air       #####.....   50%         6    #####..
e - Mephitic Cloud        Conj/Pois/Air  ###.....     8%          3    None
f - Iron Shot             Conj/Erth      ####......   96%         6    #####..
g - Ignite Poison         Fire/Trmt/Pois ###.....     8%          3    None


Dungeon Overview and Level Annotations

Branches:
Dungeon (12/15)            Temple (0/1) D:4            Lair (6/8) D:10
  Swamp (0/4) Lair:6        Snake (0/4) Lair:6        Slime (0/6) Lair:6
    Orc (0/2) D:11

Altars:
Ashenzari
Dithmenos
Elyvilon
Fedhas
Gozag
Pakellas
Yredelemnul
The Shining One
Jiyva

Shops:
D:9 *   D:11 :


Innate Abilities, Weirdness & Mutations

You are tiny and cannot use many weapons and most armour.
You have supernaturally acute eyesight.
You are a herbivore.
You cover ground extremely quickly.
You need consume almost no food.
You are agile. (Dex +2)


Message History

The giant leech is lightly wounded.
The giant leech completely misses you.
You barely miss the giant leech.
The giant leech is lightly wounded.
The giant leech misses you.
Casting: Shroud of Golubria
Confirm with . or Enter, or press ? or * to list all spells.
Space distorts slightly along a thin shroud covering your body.
The giant leech bites you!!
The giant leech draws strength from your injuries!
You closely miss the giant leech. The giant leech completely misses you.
You barely miss the giant leech. The giant leech misses you.
You miss the giant leech. The giant leech barely misses you.
You completely miss the giant leech. The giant leech closely misses you.
You completely miss the giant leech. The giant leech bites you!!
* * * LOW HITPOINT WARNING * * *
You slash the giant leech! You burn the giant leech.
The giant leech is lightly wounded.
The giant leech bites you!
You die...

* , ,,≈ ≈,.....≈≈≈..
#.... ,≈ .....≈≈≈..
#.... , , ≈≈≈.≈≈≈≈≈...
##P...*,*,#.≈≈≈≈≈≈≈.###
#)....* #.#P≈≈≈≈≈.....
*#....###..........##..
##.....#..............
#...(w....P#P.....#P..
##....@#.....+.........
#..........##..........
##......#P(##P.P....##.
##...#..PP##PP....#.#.
#.....P..............
##..#.....P###.......
##.######## ##P##P#. ##
#######


You could see a giant leech.

Vanquished Creatures
  6 hydras
  Erica (D:8)
  A tengu warrior (D:12)
  A hell hog (D:11)
  A hell knight (Volcano)
  3 unseen horrors
  Psyche (D:8)
  3 hill giants
  Pikel (D:8)
  An ugly thing (D:9)
  A deep elf mage (D:11)
  A toenail golem (Volcano)
  6 black mambas
  A torpor snail (Lair:2)
  2 molten gargoyles (Volcano)
  6 spiny frogs
  2 rime drakes
  The ghost of Joat the Insei, a novice OpMo (D:4)
  A yaktaur (D:10)
  7 komodo dragons
  A troll (D:9)
  A giant leech (Lair:6)
  A merfolk (D:11)
  15 blink frogs
  58 yaks
  Eustachio (D:5)
  A tarantella (D:12)
  A wyvern (D:4)
  2 fire bats (Volcano)
  7 hippogriffs
  2 steam dragons (D:7)
  3 basilisks
  A vampire mosquito (D:12)
  2 hungry ghosts
  2 nagas (Lair:6)
  A hell hound (Volcano)
  9 porcupines
  13 water moccasins
  A black bear (D:11)
  2 sky beasts
  A wasp (D:10)
  An eye of draining (D:12)
  4 orc warriors (D:11)
  A phantom (D:9)
  5 ice beasts
  An ogre (shapeshifter) (Lair:5)
  11 ogres
  3 wolves (Lair:2)
  4 centaurs
  11 crocodiles
  12 giant frogs
  5 big kobolds
  2 gnoll sergeants (D:8)
  A wyvern skeleton (D:8)
  Dowan (D:4)
  3 scorpions
  A killer bee (D:4)
  5 wights (D:9)
  2 howler monkeys
  3 jellies
  5 electric eels
  13 crimson imps
  10 lava snakes (Volcano)
  5 centaur zombies
  2 giant frog skeletons
  10 hounds
  2 giant frog zombies (D:6)
  4 orc priests
  Crazy Yiuf (D:2)
  Jessica (D:2)
  11 iguanas
  8 orc wizards
  6 worker ants
  7 sheep (Lair:2)
  A killer bee zombie (D:8)
  A hound zombie (D:11)
  A worker ant zombie (D:7)
  13 gnolls
  28 river rats
  10 adders
  A shadow imp (D:6)
  2 adder skeletons (D:6)
  2 adder zombies
  3 worms
  2 dart slugs
  7 giant geckos
  28 orcs
  4 giant cockroaches
  5 goblins
  5 hobgoblins
  5 jackals
  33 kobolds
  9 quokkas
  2 ball pythons (D:4)
  2 bats
  6 giant newts
  2 rats (D:2)
  A spectral orc (D:9)
  A fungus (Lair:4)
507 creatures vanquished.

Vanquished Creatures (others)
  A cyclops (D:11)
  A centaur skeleton (D:11)
  A yak (D:9)
  2 slaves (D:8)
  An orc wizard (D:11)
  A gnoll (D:8)
  3 orcs
  A bush (D:10)
  4 fungi
  21 plants
36 creatures vanquished.

Grand Total: 543 creatures vanquished

Notes
Turn   | Place    | Note
--------------------------------------------------------------
     0 | D:1      | neverEnough the Spriggan Warper began the quest for the Orb.
     0 | D:1      | Reached XP level 1. HP: 10/10 MP: 5/5
    46 | D:1      | Reached skill level 1 in Stealth
   351 | D:1      | Reached skill level 3 in Spellcasting
   383 | D:1      | Reached XP level 2. HP: 14/14 MP: 7/7
   387 | D:1      | Learned a level 2 spell: Blink
   390 | D:1      | Learned a level 2 spell: Shroud of Golubria
  1081 | D:2      | Noticed Jessica
  1088 | D:2      | Killed Jessica
  1088 | D:2      | Reached XP level 3. HP: 15/18 MP: 9/9
  1122 | D:2      | Reached XP level 4. HP: 13/22 MP: 10/10
  1135 | D:2      | Reached skill level 4 in Spellcasting
  1601 | D:2      | Noticed Crazy Yiuf
  1608 | D:2      | HP: 1/22 [poisoned by Crazy Yiuf]
  1621 | D:2      | Killed Crazy Yiuf
  1682 | D:2      | Reached XP level 5. HP: 23/25 MP: 12/12
  2164 | D:3      | Reached skill level 5 in Stealth
  2193 | D:3      | You fall through a shaft for 3 floors!
  2226 | D:6      | Reached skill level 5 in Dodging
  2284 | D:6      | Noticed an ogre
  2294 | D:6      | Killed an ogre
  2294 | D:6      | Reached skill level 5 in Spellcasting
  2294 | D:6      | Reached XP level 6. HP: 30/30 MP: 14/14
  2324 | D:6      | Found a shattered altar of Ashenzari.
  2334 | D:6      | Became a worshipper of Ashenzari the Shackled
  2730 | D:6      | Reached XP level 7. HP: 32/33 MP: 16/16
  3108 | D:6      | Reached skill level 6 in Spellcasting
  3109 | D:6      | Found a blossoming altar of Fedhas.
  3110 | D:6      | Found an opulent altar of Gozag.
  3111 | D:6      | Found a shadowy altar of Dithmenos.
  3227 | D:5      | Entered Level 5 of the Dungeon
  3496 | D:5      | Noticed Eustachio
  3572 | D:5      | Killed Eustachio
  3613 | D:5      | Found an oddly glowing altar of Pakellas.
  3632 | D:5      | Reached skill level 7 in Spellcasting
  3632 | D:5      | Reached XP level 8. HP: 23/37 MP: 19/19
  4221 | D:4      | Noticed Dowan
  4227 | D:4      | Killed Dowan
  4228 | D:4      | Noticed Duvessa
  4633 | D:4      | Found a staircase to the Ecumenical Temple.
  5105 | D:4      | Noticed Duvessa
  5105 | D:4      | Duvessa changed into Duvessa the killer bee
  5383 | D:4      | Killed Duvessa the killer bee
  5383 | D:4      | Reached skill level 10 in Stealth
  5383 | D:4      | Reached skill level 8 in Spellcasting
  5602 | D:4      | Noticed Joat's ghost (novice OpMo)
  5613 | D:4      | Killed Joat's ghost
  5613 | D:4      | Reached skill level 10 in Dodging
  5613 | D:4      | Reached XP level 9. HP: 23/41 MP: 20/22
  5946 | D:7      | Reached skill level 1 in Charms
  6201 | D:7      | Reached skill level 1 in Evocations
  6342 | D:7      | Found a glowing golden altar of the Shining One.
  6534 | D:8      | Reached * piety under Ashenzari
  6568 | D:8      | Reached skill level 9 in Spellcasting
  6819 | D:8      | Noticed Erica
  6981 | D:7      | Gained mutation: You are agile. (Dex +2) [potion of beneficial mutation]
  7140 | D:7      | Found a glowing golden altar of the Shining One.
  7308 | D:8      | Noticed Pikel
  7317 | D:8      | Killed Erica
  7317 | D:8      | Reached XP level 10. HP: 38/49 MP: 24/24
  7447 | D:8      | Killed Pikel
  7583 | D:8      | Reached skill level 5 in Charms
  7608 | D:8      | Reached skill level 5 in Evocations
  7876 | D:8      | Noticed Psyche
  8344 | D:8      | Killed Psyche
  8344 | D:8      | Reached skill level 10 in Spellcasting
  8404 | D:8      | Found a white marble altar of Elyvilon.
  8680 | D:9      | Noticed a brown ugly thing
  8704 | D:9      | Found a basalt altar of Yredelemnul.
  8860 | D:9      | Found Aqaf's Assorted Antiques.
  8881 | D:9      | Bought a runed robe for 21 gold pieces
  8894 | D:9      | Bought a scroll of identify for 60 gold pieces
  8919 | D:9      | Reached ** piety under Ashenzari
  9045 | D:9      | Killed a brown ugly thing
  9576 | D:10     | Entered Level 10 of the Dungeon
  9751 | D:9      | Reached XP level 11. HP: 15/53 MP: 23/26
  9830 | D:10     | Reached skill level 5 in Translocations
  9853 | D:10     | Found a staircase to the Lair.
  9996 | D:9      | Reached skill level 1 in Armour
 10095 | D:9      | Noticed a fire crab
 10095 | D:9      | a yak changed into a fire crab
 10226 | D:9      | a fire crab changed into a troll
 10402 | D:10     | Noticed an unseen horror
 10561 | D:10     | Noticed a hill giant
 10572 | D:10     | Killed a hill giant
 10610 | D:10     | Killed an unseen horror
 11007 | D:10     | Reached skill level 11 in Spellcasting
 11190 | D:11     | Noticed a griffon
 11229 | D:11     | Noticed a hill giant
 11237 | D:11     | Killed a hill giant
 11292 | D:11     | Found Jeara's Weapon Shop.
 11296 | D:11     | Found a staircase to the Orcish Mines.
 11518 | D:11     | Noticed a hell hog
 11518 | D:11     | a griffon changed into a hell hog
 11521 | D:11     | Killed a hell hog
 11521 | D:11     | Reached skill level 5 in Fighting
 11680 | D:11     | Found Geluzav's Book Shop.
 11686 | D:11     | Bought the Grimoire of Flying Earth for 528 gold pieces
 11693 | D:11     | Learned a level 6 spell: Deflect Missiles
 11697 | D:11     | Learned a level 3 spell: Mephitic Cloud
 12078 | D:11     | Noticed a hill giant
 12090 | D:11     | Killed a hill giant
 12231 | D:11     | Noticed an unseen horror
 12267 | D:11     | Killed an unseen horror
 12350 | D:11     | Noticed a deep elf mage
 12442 | D:11     | Reached XP level 12. HP: 34/60 MP: 28/28
 13041 | D:12     | Reached skill level 12 in Spellcasting
 13230 | D:12     | Learned a level 6 spell: Iron Shot
 13733 | D:12     | Noticed a tengu warrior
 13741 | D:12     | Killed a tengu warrior
 13741 | D:12     | Reached skill level 1 in Earth Magic
 14255 | Lair:1   | Entered Level 1 of the Lair of Beasts
 14559 | Lair:1   | Noticed a five-headed hydra
 14710 | Lair:1   | Killed a five-headed hydra
 14726 | Lair:1   | Reached *** piety under Ashenzari
 15106 | Lair:1   | Reached skill level 10 in Charms
 15490 | Lair:1   | Noticed a five-headed hydra
 15505 | Lair:1   | Killed a one-headed hydra
 15505 | Lair:1   | Reached skill level 13 in Spellcasting
 16018 | Lair:2   | Learned a level 3 spell: Ignite Poison
 16151 | Lair:2   | Reached XP level 13. HP: 65/65 MP: 31/31
 16375 | Lair:2   | Reached skill level 1 in Poison Magic
 16851 | Lair:3   | Found a dark tunnel.
 16868 | Volcano  | Entered a volcano
 16963 | Volcano  | Found a radiant altar of Vehumet.
 17433 | Volcano  | Reached skill level 10 in Evocations
 19142 | Lair:4   | Reached **** piety under Ashenzari
 19199 | Lair:4   | Got the war axe "Deiwoguo" {chop, rF+ rC+}
 19200 | Lair:4   | Identified the +9 war axe "Deiwoguo" {chop, rF+ rC+} (You found it on level 4 of the Lair of Beasts)
 19333 | Lair:4   | Reached skill level 14 in Spellcasting
 20097 | Lair:5   | Reached skill level 5 in Armour
 20377 | Lair:5   | Reached skill level 5 in Earth Magic
 21262 | Lair:6   | Reached ***** piety under Ashenzari
 21263 | Lair:6   | Found a staircase to the Swamp.
 21338 | Lair:6   | Found a staircase to the Snake Pit.
 21371 | Lair:6   | Found a staircase to the Slime Pits.
 21371 | Lair:6   | Found a viscous altar of Jiyva.
 21413 | Lair:6   | Slain by a giant leech

Skill      XL: |  1  2  3  4  5  6  7  8  9 10 11 12 13 |
---------------+----------------------------------------+-----
Stealth        | 1 3 4 6 7 8 10 11 12 | 12.9
Spellcasting   | 3 4 5 7 8 9 10 11 13 14 | 14.5
Dodging        | 4 5 6 8 10 11 12 | 12.6
Charms         | 4 6 8 10 | 10.9
Evocations     | 4 6 8 9 10 | 10.6
Fighting       | 3 4 5 6 7 |  7.3
Translocations | 6 |  6.8
Armour         | 2 3 5 |  5.1
Earth Magic    | 3 5 |  5.1
Poison Magic   | 3 |  3.9
Short Blades   | |  2.1
Throwing       | |  1.0

Action                   |  1- 3 |  4- 6 |  7- 9 | 10-12 | 13-15 || total
-------------------------+-------+-------+-------+-------+-------++-------
Melee: Dagger            |    45 |    35 |    32 |   319 |   300 ||   731
       Short sword       |     2 |       |       |       |       ||     2
       Quarterstaff      |       |    71 |   318 |   929 |   155 ||  1473
       Whip              |       |       |       |   130 |    41 ||   171
       War axe           |       |       |       |    33 |    19 ||    52
       Scimitar          |       |       |       |     7 |   108 ||   115
 Fire: Hunting sling     |       |       |     1 |     5 |       ||     6
       Shortbow          |       |       |       |     4 |       ||     4
Throw: Tomahawk          |       |       |     2 |       |       ||     2
       Throwing net      |       |       |     1 |     1 |     2 ||     4
 Cast: Shroud of Golubri |       |     1 |    24 |    80 |    54 ||   159
       Apportation       |       |     2 |     5 |       |       ||     7
       Blink             |       |       |     3 |     4 |     3 ||    10
       Mephitic Cloud    |       |       |       |     9 |     3 ||    12
       Ignite Poison     |       |       |       |       |     3 ||     3
Invok: Curse Item        |       |     1 |     1 |     1 |       ||     3
Evoke: Wand              |       |     4 |    12 |    24 |    46 ||    86
  Use: Potion            |       |     4 |     4 |     3 |     1 ||    12
       Scroll            |       |       |     9 |    10 |     5 ||    24
 Stab: Sleeping          |     3 |    13 |    14 |    38 |    24 ||    92
       Paralysed         |       |     2 |     2 |    11 |    11 ||    26
       Confused          |       |     1 |     3 |     8 |       ||    12
       Petrifying        |       |     1 |       |     8 |       ||     9
       Distracted        |       |       |       |     4 |     2 ||     6
       Petrified         |       |       |       |     4 |     1 ||     5
       Held in net/web   |       |       |       |       |     1 ||     1
  Eat: Bread ration      |       |       |     2 |       |     1 ||     3
       Fruit             |       |       |       |     5 |     1 ||     6
       Royal jelly       |       |       |       |     1 |       ||     1
       Pizza             |       |       |       |       |     1 ||     1
Armor: Robe              |     4 |     6 |    26 |   120 |    71 ||   227
       Skin              |       |     4 |     3 |       |       ||     7
Dodge: Dodged            |    28 |    73 |   454 |  2049 |   902 ||  3506
